 Dungeon Crawl Stone Soup version 0.27.1-33-g824d729ab1 (webtiles) character file.

Game seed: 11655154311386370121

18 raph the Stinger (level 2, -7/15 HPs)
             Began as a Deep Elf Venom Mage on Dec 8, 2021.
             Killed from afar by Sigmund (9 damage)
             ... with a puff of flame
             ... on level 2 of the Dungeon.
             The game lasted 00:02:00 (991 turns).

raph the Stinger (Deep Elf Venom Mage)               Turns: 991, Time: 00:02:00

Health: -7/15      AC:  2    Str:  5    XL:     2   Next: 51%
Magic:  6/8        EV: 12    Int: 19    God:
Gold:   9          SH:  0    Dex: 15    Spells: 4/7 levels left

rFire    . . .     SeeInvis .   e - +0 dagger (venom)
rCold    . . .     Faith    .   (no shield)
rNeg     . . .     Spirit   .   a - +0 robe
rPois    .         Reflect  .   (no helmet)
rElec    .         Harm     .   (no cloak)
rCorr    .         Rampage  .   (no gloves)
Will     .....                  (no boots)
Stlth    +.........             (no amulet)
HPRegen  0.05/turn              (no ring)
MPRegen  0.11/turn              (no ring)

@: confused
A: no striking features
a: no special abilities


You were on level 2 of the Dungeon.
You visited 1 branch of the dungeon, and saw 2 of its levels.

You collected 9 gold pieces.

Inventory:

Hand Weapons
 c - a +0 short sword
 e - a +0 dagger of venom (weapon)
Missiles
 b - 6 javelins
Armour
 a - a +0 robe (worn)
Magical Staves
 f - a staff of conjuration
Scrolls
 d - a scroll of identify {unknown}


   Skills:
 - Level 2.4 Dodging
 - Level 2.4 Stealth
 - Level 3.0 Spellcasting
 - Level 1.1 Transmutations
 + Level 4.3 Poison Magic


You had 4 spell levels left.
You knew the following spells:

 Your Spells              Type           Power      Damage    Failure   Level
a - Sting                 Tmut/Pois      52%        1d5       4%          1
b - Poisonous Vapours     Pois/Air       22%        N/A       10%         2

Your spell library contained the following spells:

 Spells                   Type           Power      Damage    Failure   Level
 Mephitic Cloud           Conj/Pois/Air  8%         N/A       26%         3
 Olgreb's Toxic Radiance  Pois           19%        N/A       26%         4


Dungeon Overview and Level Annotations

Branches:
Dungeon (2/15)

Altars:

Annotations:
D:2 Sigmund


Message History

g - an amulet of guardian spirit You start resting.
HP restored.
Drop what? 7/52 slots (_ for help) (? for menu, Esc to quit)
You drop an amulet of guardian spirit.
You open the door.
There is an open door here.
Found a robe.
You see here a +0 robe.
You see here an amulet of guardian spirit.
Found a dagger.
Found a silvery potion.
A hobgoblin comes into view.
A hobgoblin is nearby!
Casting: Poisonous Vapours (safe; 10% risk of failure)
Confirm with . or Enter, or press ? or * to list all spells.
Aiming: Poisonous Vapours (safe; 10% risk of failure)
Press: ? - help, Dir - move target, f - hobgoblin
Aim: a hobgoblin (asleep) Poisonous vapours surround the hobgoblin!
The hobgoblin is poisoned.
The hobgoblin shouts!
You hear a shout!
Aiming: Sting (safe; 4% risk of failure)
Press: ? - help, Q - select action, (/) - cycle Shift-Dir - straight line, f/p - hobgoblin
Aim: a hobgoblin (severely wounded, poisoned, 71% to hit)
The sting hits the hobgoblin.
The hobgoblin looks even sicker.
You kill the hobgoblin!
Sigmund the Dreaded comes into view.
He is wielding a +0 scythe and carrying a wand of flame (29).
Sigmund points at you and mumbles some strange words.
The magic dart hits you! Sigmund gestures at you while chanting.
You are confused.
Sigmund gestures at you while chanting. The magic dart hits you.
* * * LOW HITPOINT WARNING * * *
You bump into the rock wall.
You aren't carrying any potions.
You bump into the rock wall.
Sigmund zaps a wand.
The puff of flame hits you!
Ouch! That really hurt!
You die...

.......#....#
...........#
#.........#
#....!.@..#
#.).......# #.......#
#####.......#
#........####
#.......@#########
#..........(.....#
#................#
#................#
#......."..†.....#
#####.........<......#
#....................#
#.###................#
#...#######'#........#


You could see Sigmund.

Vanquished Creatures
  A bat (D:2)
  2 endoplasms (D:1)
  A giant cockroach (D:1)
  2 goblins (D:1)
  3 hobgoblins
  3 kobolds (D:1)
  A ball python (D:1)
  A frilled lizard (D:1)
  2 rats (D:1)
16 creatures vanquished.

Notes
Turn   | Place    | Note
-------+----------+-------------------------------------------
     0 | D:1      | raph the Deep Elf Venom Mage began the quest for the Orb.
     0 | D:1      | Reached XP level 1. HP: 10/10 MP: 6/6
   403 | D:1      | Reached XP level 2. HP: 15/15 MP: 4/8
   440 | D:1      | Learned a level 2 spell: Poisonous Vapours
   451 | D:1      | Reached skill level 4 in Poison Magic
   983 | D:2      | Noticed Sigmund
   991 | D:2      | Killed from afar by Sigmund

Illustrated notes

Levels and vault maps discovered:
D:1:      minmay_arrival_three_doors, layout_loops_cross
D:2:      layout_basic, basic_altar, ebering_ecumenical_altar_abandoned,
          uniq_sigmund

Skill      XL: |  1  2 |
---------------+-------+-----
Poison Magic   | 4 |  4.3
Dodging        | |  2.4
Stealth        | |  2.4
Spellcasting   | |  3.0
Transmutations | |  1.1

Action                   || total
-------------------------++-------
Melee: Dagger            ||     3
 Cast: Sting             ||    21
       Poisonous Vapours ||     4
Armor: Robe              ||     2
Dodge: Dodged            ||     3
